 Dungeon Crawl Stone Soup version 0.18.1-5-g4a78601 (webtiles) character file.

438 Chiseanne the Skirmisher (level 7, -11/53 HPs)
             Began as a Formicid Ice Elementalist on May 10, 2016.
             Was an Initiate of Gozag.
             Mangled by an ogre
             ... wielding a +0 giant club
              (31 damage)
             ... on level 5 of the Dungeon.
             The game lasted 00:14:40 (5125 turns).

Chiseanne the Skirmisher (FoIE)                     Turns: 5125, Time: 00:14:40

Health: -11/53     AC: 10    Str: 13    XL:     7   Next: 21%
Magic:  11/11      EV:  6    Int: 14    God:    Gozag
Gold:   205        SH:  0    Dex: 13    Spells: 1 memorised, 10 levels left

rFire  . . .     SeeInvis +     s - +1 dagger (venom)
rCold  . . .     Gourm    .     p - +1 chain mail
rNeg   . . .     Faith    .     (no shield)
rPois  .         Spirit   .     (helmet unavailable)
rElec  .         Dismiss  .     (no cloak)
rCorr  .         Reflect  .     (no gloves)
SustAt .         Harm     +     (no boots)
MR     .....                    d - amulet of harm
Stlth  ..........               (no ring)
                                (no ring)

@: gold aura, not resistant to hostile enchantments, extremely unstealthy
A: permanent stasis, dig shafts and tunnels, four strong arms, antennae 3
a: Dig, Shaft Self, Potion Petition, Call Merchant, Bribe Branch, Renounce
Religion


You were on level 5 of the Dungeon.
You worshipped Gozag.
Gozag was noncommittal.
You were not hungry.

You visited 2 branches of the dungeon, and saw 6 of its levels.

You collected 277 gold pieces.
You paid 72 gold pieces to Gozag.

Inventory:

Hand Weapons
 a - a +1 war axe
 s - a +1 dagger of venom (weapon)
 w - a +0 hunting sling
Missiles
 e - 27 sling bullets
 i - 83 stones (quivered)
 k - 9 poisoned needles
 n - 23 arrows
 q - 8 tomahawks
Armour
 p - a +1 chain mail (worn)
Jewellery
 d - an amulet of harm (around neck)
 f - an uncursed ring of flight {unknown}
Scrolls
 l - 2 scrolls of fear
 o - a scroll of magic mapping
 v - a scroll of remove curse
 y - a scroll of enchant armour
Potions
 g - a potion of berserk rage {unknown}
 h - a potion of curing
 j - a potion of agility {unknown}
 m - a potion of cancellation {unknown}
 r - a potion of heal wounds {unknown}
 u - a potion of flight {unknown}
Books
 b - a book of Frost

   Spells                             Type                      Level
   a - Freeze                         Ice                          1
   b - Throw Frost                    Conjuration/Ice              2
   c - Ozocubu's Armour               Charms/Ice                   3
   d - Throw Icicle                   Conjuration/Ice              4
   e - Summon Ice Beast               Ice/Summoning                4
Comestibles
 c - 3 bread rations
 t - 2 meat rations


   Skills:
 * Level 3.8 Fighting
 * Level 3.1 Axes
 * Level 3.3 Armour
 - Level 2.1 Dodging
 - Level 2.4 Stealth
 - Level 3.1 Spellcasting
 - Level 0.8 Conjurations
 - Level 3.7 Ice Magic


You had 10 spell levels left.
You knew the following spells:

 Your Spells              Type           Power        Failure   Level  Hunger
b - Throw Frost           Conj/Ice       #.....       100%        2    ##.....


Dungeon Overview and Level Annotations

Branches:
Dungeon (5/15)             Temple (1/1) D:4

Altars:
Ashenzari
Cheibriados
Dithmenos
Elyvilon
Fedhas
Gozag
Makhleb
Nemelex Xobeh
Okawaru
Qazlal
Ru
Sif Muna
Trog
Vehumet
Xom
Yredelemnul
Zin
The Shining One

Annotations:
D:3 oplop's ghost, amateur MfIE


Innate Abilities, Weirdness & Mutations

You are under a permanent stasis effect.
You can dig through walls and to a lower floor.
Your four strong arms can wield two-handed weapons with a shield.
You have a pair of large antennae on your head (SInv).


Message History

The ogre is heavily wounded.
The adder skeleton bites you but does no damage.
The adder skeleton bites you.
Firing (i - inventory. (,) - cycle):
e - 28 sling bullets (quivered)
Press: ? - help, Shift-Dir - straight line, f/p - ogre
Aim: an ogre, wielding a giant club (heavily wounded)
You shoot a sling bullet.
The sling bullet hits the adder skeleton.
You destroy the adder skeleton!
Wield which item (- for none, * to show all)? (? for menu, Esc to quit)
Your +1 dagger of venom begins to drip with poison!
s - a +1 dagger of venom (weapon)
The ogre hits you with a giant club!!
Ouch! That really hurt!
You hit the ogre.
The ogre is poisoned.
The ogre is severely wounded.
The ogre hits you with a giant club!!
Ouch! That really hurt!
You die...
Your body crumbles into a pile of gold.

##..# #<#.## .# #.#..#
#.# .# #.#..# #.# .#
#.#..# #.# ..#
#.#..########.##..
#§#...§§........#
#§###.#######.#.#
#..§........@...#
##########.######O###.#
.............($5..?=..#
##########..#####.#####
###########.## #.#
.............# #.#
.............####>#
.............(....#
..................###


You could see an ogre.

Vanquished Creatures
  A scorpion (D:5)
  A howler monkey (D:4)
  3 hounds
  An orc priest (D:4)
  Jessica (D:2)
  2 orc wizards (D:4)
  Robin (D:2)
  5 adders
  An adder skeleton (D:5)
  A worm (D:1)
  A dart slug (D:1)
  3 giant geckos
  8 orcs
  9 bats
  3 giant cockroaches
  9 goblins
  8 hobgoblins
  9 jackals
  2 quokkas (D:2)
  A ball python (D:1)
  A giant cockroach zombie (D:5)
  3 giant newts
  5 kobolds
  6 rats
85 creatures vanquished.

Notes
Turn   | Place    | Note
--------------------------------------------------------------
     0 | D:1      | Chiseanne the Formicid Ice Elementalist began the quest for the Orb.
     0 | D:1      | Reached XP level 1. HP: 13/13 MP: 3/3
   199 | D:1      | Reached skill level 1 in Fighting
   199 | D:1      | Reached XP level 2. HP: 21/21 MP: 1/5
   528 | D:1      | Learned a level 2 spell: Throw Frost
  1196 | D:1      | Reached XP level 3. HP: 25/26 MP: 0/6
  1422 | D:2      | Noticed Jessica
  1428 | D:2      | Killed Jessica
  1428 | D:2      | Reached XP level 4. HP: 16/32 MP: 2/8
  1956 | D:2      | Noticed Robin
  1973 | D:2      | Killed Robin
  2273 | D:2      | Reached skill level 1 in Armour
  2280 | D:3      | Reached XP level 5. HP: 38/38 MP: 9/9
  2281 | D:3      | Noticed oplop's ghost (amateur MfIE)
  2410 | D:3      | Reached skill level 1 in Axes
  2852 | D:4      | Reached XP level 6. HP: 32/46 MP: 10/10
  4410 | D:4      | Found a staircase to the Ecumenical Temple.
  4420 | Temple   | Entered the Ecumenical Temple
  4429 | Temple   | Became a worshipper of Gozag Ym Sagoz the Greedy
  4584 | D:4      | Reached XP level 7. HP: 52/52 MP: 11/11
  4799 | D:5      | Entered Level 5 of the Dungeon
  5125 | D:5      | Mangled by an ogre

Skill      XL: |  1  2  3  4  5  6  7 |
---------------+----------------------+-----
Dodging        | 2 |  2.1
Fighting       | 1 2 3 |  3.8
Spellcasting   | 3 |  3.1
Armour         | 1 2 3 |  3.3
Axes           | 2 3 |  3.1
Stealth        | |  2.4
Conjurations   | |  0.8
Ice Magic      | |  3.7

Action                   |  1- 3 |  4- 6 |  7- 9 || total
-------------------------+-------+-------+-------++-------
Melee: Unarmed           |    12 |       |       ||    12
       Club              |     7 |       |       ||     7
       Mace              |     3 |     5 |       ||     8
       War axe           |       |   125 |       ||   125
       Dagger            |       |   111 |     6 ||   117
 Fire: Hunting sling     |       |    12 |    14 ||    26
Throw: Stone             |     4 |     3 |       ||     7
 Cast: Freeze            |    36 |     2 |       ||    38
       Throw Frost       |     1 |       |       ||     1
  Use: Scroll            |     2 |     8 |     1 ||    11
       Potion            |       |     2 |       ||     2
  Eat: Chunk             |     2 |    10 |       ||    12
       Beef jerky        |       |       |     2 ||     2
       Pizza             |       |       |     1 ||     1
Armor: Robe              |    14 |       |       ||    14
       Chain mail        |       |   196 |     7 ||   203
Dodge: Dodged            |    39 |   117 |     1 ||   157
